%YAML 1.1
%TAG !u! tag:unity3d.com,2011:
--- !u!1 &8580739942663810764
GameObject:
  m_ObjectHideFlags: 0
  m_CorrespondingSourceObject: {fileID: 0}
  m_PrefabInstance: {fileID: 0}
  m_PrefabAsset: {fileID: 0}
  serializedVersion: 6
  m_Component:
  - component: {fileID: 8580739942663810767}
  - component: {fileID: 264918101012783703}
  m_Layer: 0
  m_Name: 6Mutant
  m_TagString: Untagged
  m_Icon: {fileID: 0}
  m_NavMeshLayer: 0
  m_StaticEditorFlags: 0
  m_IsActive: 1
--- !u!4 &8580739942663810767
Transform:
  m_ObjectHideFlags: 0
  m_CorrespondingSourceObject: {fileID: 0}
  m_PrefabInstance: {fileID: 0}
  m_PrefabAsset: {fileID: 0}
  m_GameObject: {fileID: 8580739942663810764}
  m_LocalRotation: {x: 0, y: 0, z: 0, w: 1}
  m_LocalPosition: {x: 0, y: 0, z: 0}
  m_LocalScale: {x: 1, y: 1, z: 1}
  m_Children:
  - {fileID: 8529573902284747583}
  - {fileID: 8305569175248402150}
  - {fileID: 541824643371466427}
  - {fileID: 2219722564995153354}
  - {fileID: 1686401464588076123}
  - {fileID: 3698189644947989752}
  m_Father: {fileID: 0}
  m_RootOrder: 0
  m_LocalEulerAnglesHint: {x: 0, y: 0, z: 0}
--- !u!114 &264918101012783703
MonoBehaviour:
  m_ObjectHideFlags: 0
  m_CorrespondingSourceObject: {fileID: 0}
  m_PrefabInstance: {fileID: 0}
  m_PrefabAsset: {fileID: 0}
  m_GameObject: {fileID: 8580739942663810764}
  m_Enabled: 1
  m_EditorHideFlags: 0
  m_Script: {fileID: 11500000, guid: 7ac7f82c93beccd4cbac8e3347e361a8, type: 3}
  m_Name: 
  m_EditorClassIdentifier: 
  initialEnemies: 6
--- !u!1001 &1383363251837187383
PrefabInstance:
  m_ObjectHideFlags: 0
  serializedVersion: 2
  m_Modification:
    m_TransformParent: {fileID: 8580739942663810767}
    m_Modifications:
    - target: {fileID: 2332911264116937152, guid: d01493bb60fb1424089073aa4848bcca,
        type: 3}
      propertyPath: m_Name
      value: MutantEnemy (5)
      objectReference: {fileID: 0}
    - target: {fileID: 2332911264116937167, guid: d01493bb60fb1424089073aa4848bcca,
        type: 3}
      propertyPath: m_LocalPosition.x
      value: -0.646
      objectReference: {fileID: 0}
    - target: {fileID: 2332911264116937167, guid: d01493bb60fb1424089073aa4848bcca,
        type: 3}
      propertyPath: m_LocalPosition.y
      value: -0.842
      objectReference: {fileID: 0}
    - target: {fileID: 2332911264116937167, guid: d01493bb60fb1424089073aa4848bcca,
        type: 3}
      propertyPath: m_LocalPosition.z
      value: 0
      objectReference: {fileID: 0}
    - target: {fileID: 2332911264116937167, guid: d01493bb60fb1424089073aa4848bcca,
        type: 3}
      propertyPath: m_LocalRotation.x
      value: -0
      objectReference: {fileID: 0}
    - target: {fileID: 2332911264116937167, guid: d01493bb60fb1424089073aa4848bcca,
        type: 3}
      propertyPath: m_LocalRotation.y
      value: -0
      objectReference: {fileID: 0}
    - target: {fileID: 2332911264116937167, guid: d01493bb60fb1424089073aa4848bcca,
        type: 3}
      propertyPath: m_LocalRotation.z
      value: -0
      objectReference: {fileID: 0}
    - target: {fileID: 2332911264116937167, guid: d01493bb60fb1424089073aa4848bcca,
        type: 3}
      propertyPath: m_LocalRotation.w
      value: 1
      objectReference: {fileID: 0}
    - target: {fileID: 2332911264116937167, guid: d01493bb60fb1424089073aa4848bcca,
        type: 3}
      propertyPath: m_RootOrder
      value: 5
      objectReference: {fileID: 0}
    - target: {fileID: 2332911264116937167, guid: d01493bb60fb1424089073aa4848bcca,
        type: 3}
      propertyPath: m_LocalEulerAnglesHint.x
      value: 0
      objectReference: {fileID: 0}
    - target: {fileID: 2332911264116937167, guid: d01493bb60fb1424089073aa4848bcca,
        type: 3}
      propertyPath: m_LocalEulerAnglesHint.y
      value: 0
      objectReference: {fileID: 0}
    - target: {fileID: 2332911264116937167, guid: d01493bb60fb1424089073aa4848bcca,
        type: 3}
      propertyPath: m_LocalEulerAnglesHint.z
      value: 0
      objectReference: {fileID: 0}
    m_RemovedComponents: []
  m_SourcePrefab: {fileID: 100100000, guid: d01493bb60fb1424089073aa4848bcca, type: 3}
--- !u!4 &3698189644947989752 stripped
Transform:
  m_CorrespondingSourceObject: {fileID: 2332911264116937167, guid: d01493bb60fb1424089073aa4848bcca,
    type: 3}
  m_PrefabInstance: {fileID: 1383363251837187383}
  m_PrefabAsset: {fileID: 0}
--- !u!1001 &2874660829641830260
PrefabInstance:
  m_ObjectHideFlags: 0
  serializedVersion: 2
  m_Modification:
    m_TransformParent: {fileID: 8580739942663810767}
    m_Modifications:
    - target: {fileID: 2332911264116937152, guid: d01493bb60fb1424089073aa4848bcca,
        type: 3}
      propertyPath: m_Name
      value: MutantEnemy (2)
      objectReference: {fileID: 0}
    - target: {fileID: 2332911264116937167, guid: d01493bb60fb1424089073aa4848bcca,
        type: 3}
      propertyPath: m_LocalPosition.x
      value: -0.017
      objectReference: {fileID: 0}
    - target: {fileID: 2332911264116937167, guid: d01493bb60fb1424089073aa4848bcca,
        type: 3}
      propertyPath: m_LocalPosition.y
      value: -0.34
      objectReference: {fileID: 0}
    - target: {fileID: 2332911264116937167, guid: d01493bb60fb1424089073aa4848bcca,
        type: 3}
      propertyPath: m_LocalPosition.z
      value: 0
      objectReference: {fileID: 0}
    - target: {fileID: 2332911264116937167, guid: d01493bb60fb1424089073aa4848bcca,
        type: 3}
      propertyPath: m_LocalRotation.x
      value: 0
      objectReference: {fileID: 0}
    - target: {fileID: 2332911264116937167, guid: d01493bb60fb1424089073aa4848bcca,
        type: 3}
      propertyPath: m_LocalRotation.y
      value: 0
      objectReference: {fileID: 0}
    - target: {fileID: 2332911264116937167, guid: d01493bb60fb1424089073aa4848bcca,
        type: 3}
      propertyPath: m_LocalRotation.z
      value: 0
      objectReference: {fileID: 0}
    - target: {fileID: 2332911264116937167, guid: d01493bb60fb1424089073aa4848bcca,
        type: 3}
      propertyPath: m_LocalRotation.w
      value: 1
      objectReference: {fileID: 0}
    - target: {fileID: 2332911264116937167, guid: d01493bb60fb1424089073aa4848bcca,
        type: 3}
      propertyPath: m_RootOrder
      value: 2
      objectReference: {fileID: 0}
    - target: {fileID: 2332911264116937167, guid: d01493bb60fb1424089073aa4848bcca,
        type: 3}
      propertyPath: m_LocalEulerAnglesHint.x
      value: 0
      objectReference: {fileID: 0}
    - target: {fileID: 2332911264116937167, guid: d01493bb60fb1424089073aa4848bcca,
        type: 3}
      propertyPath: m_LocalEulerAnglesHint.y
      value: 0
      objectReference: {fileID: 0}
    - target: {fileID: 2332911264116937167, guid: d01493bb60fb1424089073aa4848bcca,
        type: 3}
      propertyPath: m_LocalEulerAnglesHint.z
      value: 0
      objectReference: {fileID: 0}
    - target: {fileID: 2332911265278544807, guid: d01493bb60fb1424089073aa4848bcca,
        type: 3}
      propertyPath: m_LocalPosition.x
      value: -0
      objectReference: {fileID: 0}
    - target: {fileID: 2332911265278544807, guid: d01493bb60fb1424089073aa4848bcca,
        type: 3}
      propertyPath: m_LocalPosition.y
      value: 0
      objectReference: {fileID: 0}
    m_RemovedComponents: []
  m_SourcePrefab: {fileID: 100100000, guid: d01493bb60fb1424089073aa4848bcca, type: 3}
--- !u!4 &541824643371466427 stripped
Transform:
  m_CorrespondingSourceObject: {fileID: 2332911264116937167, guid: d01493bb60fb1424089073aa4848bcca,
    type: 3}
  m_PrefabInstance: {fileID: 2874660829641830260}
  m_PrefabAsset: {fileID: 0}
--- !u!1001 &3965251647181559188
PrefabInstance:
  m_ObjectHideFlags: 0
  serializedVersion: 2
  m_Modification:
    m_TransformParent: {fileID: 8580739942663810767}
    m_Modifications:
    - target: {fileID: 2332911264116937152, guid: d01493bb60fb1424089073aa4848bcca,
        type: 3}
      propertyPath: m_Name
      value: MutantEnemy (4)
      objectReference: {fileID: 0}
    - target: {fileID: 2332911264116937167, guid: d01493bb60fb1424089073aa4848bcca,
        type: 3}
      propertyPath: m_LocalPosition.x
      value: 0.527
      objectReference: {fileID: 0}
    - target: {fileID: 2332911264116937167, guid: d01493bb60fb1424089073aa4848bcca,
        type: 3}
      propertyPath: m_LocalPosition.y
      value: -0.723
      objectReference: {fileID: 0}
    - target: {fileID: 2332911264116937167, guid: d01493bb60fb1424089073aa4848bcca,
        type: 3}
      propertyPath: m_LocalPosition.z
      value: 0
      objectReference: {fileID: 0}
    - target: {fileID: 2332911264116937167, guid: d01493bb60fb1424089073aa4848bcca,
        type: 3}
      propertyPath: m_LocalRotation.x
      value: -0
      objectReference: {fileID: 0}
    - target: {fileID: 2332911264116937167, guid: d01493bb60fb1424089073aa4848bcca,
        type: 3}
      propertyPath: m_LocalRotation.y
      value: -0
      objectReference: {fileID: 0}
    - target: {fileID: 2332911264116937167, guid: d01493bb60fb1424089073aa4848bcca,
        type: 3}
      propertyPath: m_LocalRotation.z
      value: -0
      objectReference: {fileID: 0}
    - target: {fileID: 2332911264116937167, guid: d01493bb60fb1424089073aa4848bcca,
        type: 3}
      propertyPath: m_LocalRotation.w
      value: 1
      objectReference: {fileID: 0}
    - target: {fileID: 2332911264116937167, guid: d01493bb60fb1424089073aa4848bcca,
        type: 3}
      propertyPath: m_RootOrder
      value: 4
      objectReference: {fileID: 0}
    - target: {fileID: 2332911264116937167, guid: d01493bb60fb1424089073aa4848bcca,
        type: 3}
      propertyPath: m_LocalEulerAnglesHint.x
      value: 0
      objectReference: {fileID: 0}
    - target: {fileID: 2332911264116937167, guid: d01493bb60fb1424089073aa4848bcca,
        type: 3}
      propertyPath: m_LocalEulerAnglesHint.y
      value: 0
      objectReference: {fileID: 0}
    - target: {fileID: 2332911264116937167, guid: d01493bb60fb1424089073aa4848bcca,
        type: 3}
      propertyPath: m_LocalEulerAnglesHint.z
      value: 0
      objectReference: {fileID: 0}
    m_RemovedComponents: []
  m_SourcePrefab: {fileID: 100100000, guid: d01493bb60fb1424089073aa4848bcca, type: 3}
--- !u!4 &1686401464588076123 stripped
Transform:
  m_CorrespondingSourceObject: {fileID: 2332911264116937167, guid: d01493bb60fb1424089073aa4848bcca,
    type: 3}
  m_PrefabInstance: {fileID: 3965251647181559188}
  m_PrefabAsset: {fileID: 0}
--- !u!1001 &4516586537890540549
PrefabInstance:
  m_ObjectHideFlags: 0
  serializedVersion: 2
  m_Modification:
    m_TransformParent: {fileID: 8580739942663810767}
    m_Modifications:
    - target: {fileID: 2332911264116937152, guid: d01493bb60fb1424089073aa4848bcca,
        type: 3}
      propertyPath: m_Name
      value: MutantEnemy (3)
      objectReference: {fileID: 0}
    - target: {fileID: 2332911264116937167, guid: d01493bb60fb1424089073aa4848bcca,
        type: 3}
      propertyPath: m_LocalPosition.x
      value: 0.782
      objectReference: {fileID: 0}
    - target: {fileID: 2332911264116937167, guid: d01493bb60fb1424089073aa4848bcca,
        type: 3}
      propertyPath: m_LocalPosition.y
      value: 0.264
      objectReference: {fileID: 0}
    - target: {fileID: 2332911264116937167, guid: d01493bb60fb1424089073aa4848bcca,
        type: 3}
      propertyPath: m_LocalPosition.z
      value: 0
      objectReference: {fileID: 0}
    - target: {fileID: 2332911264116937167, guid: d01493bb60fb1424089073aa4848bcca,
        type: 3}
      propertyPath: m_LocalRotation.x
      value: -0
      objectReference: {fileID: 0}
    - target: {fileID: 2332911264116937167, guid: d01493bb60fb1424089073aa4848bcca,
        type: 3}
      propertyPath: m_LocalRotation.y
      value: -0
      objectReference: {fileID: 0}
    - target: {fileID: 2332911264116937167, guid: d01493bb60fb1424089073aa4848bcca,
        type: 3}
      propertyPath: m_LocalRotation.z
      value: -0
      objectReference: {fileID: 0}
    - target: {fileID: 2332911264116937167, guid: d01493bb60fb1424089073aa4848bcca,
        type: 3}
      propertyPath: m_LocalRotation.w
      value: 1
      objectReference: {fileID: 0}
    - target: {fileID: 2332911264116937167, guid: d01493bb60fb1424089073aa4848bcca,
        type: 3}
      propertyPath: m_RootOrder
      value: 3
      objectReference: {fileID: 0}
    - target: {fileID: 2332911264116937167, guid: d01493bb60fb1424089073aa4848bcca,
        type: 3}
      propertyPath: m_LocalEulerAnglesHint.x
      value: 0
      objectReference: {fileID: 0}
    - target: {fileID: 2332911264116937167, guid: d01493bb60fb1424089073aa4848bcca,
        type: 3}
      propertyPath: m_LocalEulerAnglesHint.y
      value: 0
      objectReference: {fileID: 0}
    - target: {fileID: 2332911264116937167, guid: d01493bb60fb1424089073aa4848bcca,
        type: 3}
      propertyPath: m_LocalEulerAnglesHint.z
      value: 0
      objectReference: {fileID: 0}
    m_RemovedComponents: []
  m_SourcePrefab: {fileID: 100100000, guid: d01493bb60fb1424089073aa4848bcca, type: 3}
--- !u!4 &2219722564995153354 stripped
Transform:
  m_CorrespondingSourceObject: {fileID: 2332911264116937167, guid: d01493bb60fb1424089073aa4848bcca,
    type: 3}
  m_PrefabInstance: {fileID: 4516586537890540549}
  m_PrefabAsset: {fileID: 0}
--- !u!1001 &5990743288342112041
PrefabInstance:
  m_ObjectHideFlags: 0
  serializedVersion: 2
  m_Modification:
    m_TransformParent: {fileID: 8580739942663810767}
    m_Modifications:
    - target: {fileID: 2332911264116937152, guid: d01493bb60fb1424089073aa4848bcca,
        type: 3}
      propertyPath: m_Name
      value: MutantEnemy (1)
      objectReference: {fileID: 0}
    - target: {fileID: 2332911264116937167, guid: d01493bb60fb1424089073aa4848bcca,
        type: 3}
      propertyPath: m_LocalPosition.x
      value: -0.434
      objectReference: {fileID: 0}
    - target: {fileID: 2332911264116937167, guid: d01493bb60fb1424089073aa4848bcca,
        type: 3}
      propertyPath: m_LocalPosition.y
      value: -0.213
      objectReference: {fileID: 0}
    - target: {fileID: 2332911264116937167, guid: d01493bb60fb1424089073aa4848bcca,
        type: 3}
      propertyPath: m_LocalPosition.z
      value: 0
      objectReference: {fileID: 0}
    - target: {fileID: 2332911264116937167, guid: d01493bb60fb1424089073aa4848bcca,
        type: 3}
      propertyPath: m_LocalRotation.x
      value: 0
      objectReference: {fileID: 0}
    - target: {fileID: 2332911264116937167, guid: d01493bb60fb1424089073aa4848bcca,
        type: 3}
      propertyPath: m_LocalRotation.y
      value: 0
      objectReference: {fileID: 0}
    - target: {fileID: 2332911264116937167, guid: d01493bb60fb1424089073aa4848bcca,
        type: 3}
      propertyPath: m_LocalRotation.z
      value: 0
      objectReference: {fileID: 0}
    - target: {fileID: 2332911264116937167, guid: d01493bb60fb1424089073aa4848bcca,
        type: 3}
      propertyPath: m_LocalRotation.w
      value: 1
      objectReference: {fileID: 0}
    - target: {fileID: 2332911264116937167, guid: d01493bb60fb1424089073aa4848bcca,
        type: 3}
      propertyPath: m_RootOrder
      value: 1
      objectReference: {fileID: 0}
    - target: {fileID: 2332911264116937167, guid: d01493bb60fb1424089073aa4848bcca,
        type: 3}
      propertyPath: m_LocalEulerAnglesHint.x
      value: 0
      objectReference: {fileID: 0}
    - target: {fileID: 2332911264116937167, guid: d01493bb60fb1424089073aa4848bcca,
        type: 3}
      propertyPath: m_LocalEulerAnglesHint.y
      value: 0
      objectReference: {fileID: 0}
    - target: {fileID: 2332911264116937167, guid: d01493bb60fb1424089073aa4848bcca,
        type: 3}
      propertyPath: m_LocalEulerAnglesHint.z
      value: 0
      objectReference: {fileID: 0}
    m_RemovedComponents: []
  m_SourcePrefab: {fileID: 100100000, guid: d01493bb60fb1424089073aa4848bcca, type: 3}
--- !u!4 &8305569175248402150 stripped
Transform:
  m_CorrespondingSourceObject: {fileID: 2332911264116937167, guid: d01493bb60fb1424089073aa4848bcca,
    type: 3}
  m_PrefabInstance: {fileID: 5990743288342112041}
  m_PrefabAsset: {fileID: 0}
--- !u!1001 &6214694991389614832
PrefabInstance:
  m_ObjectHideFlags: 0
  serializedVersion: 2
  m_Modification:
    m_TransformParent: {fileID: 8580739942663810767}
    m_Modifications:
    - target: {fileID: 2332911264116937152, guid: d01493bb60fb1424089073aa4848bcca,
        type: 3}
      propertyPath: m_Name
      value: MutantEnemy
      objectReference: {fileID: 0}
    - target: {fileID: 2332911264116937167, guid: d01493bb60fb1424089073aa4848bcca,
        type: 3}
      propertyPath: m_LocalPosition.x
      value: -0.773
      objectReference: {fileID: 0}
    - target: {fileID: 2332911264116937167, guid: d01493bb60fb1424089073aa4848bcca,
        type: 3}
      propertyPath: m_LocalPosition.y
      value: 0.221
      objectReference: {fileID: 0}
    - target: {fileID: 2332911264116937167, guid: d01493bb60fb1424089073aa4848bcca,
        type: 3}
      propertyPath: m_LocalPosition.z
      value: 0
      objectReference: {fileID: 0}
    - target: {fileID: 2332911264116937167, guid: d01493bb60fb1424089073aa4848bcca,
        type: 3}
      propertyPath: m_LocalRotation.x
      value: 0
      objectReference: {fileID: 0}
    - target: {fileID: 2332911264116937167, guid: d01493bb60fb1424089073aa4848bcca,
        type: 3}
      propertyPath: m_LocalRotation.y
      value: 0
      objectReference: {fileID: 0}
    - target: {fileID: 2332911264116937167, guid: d01493bb60fb1424089073aa4848bcca,
        type: 3}
      propertyPath: m_LocalRotation.z
      value: 0
      objectReference: {fileID: 0}
    - target: {fileID: 2332911264116937167, guid: d01493bb60fb1424089073aa4848bcca,
        type: 3}
      propertyPath: m_LocalRotation.w
      value: 1
      objectReference: {fileID: 0}
    - target: {fileID: 2332911264116937167, guid: d01493bb60fb1424089073aa4848bcca,
        type: 3}
      propertyPath: m_RootOrder
      value: 0
      objectReference: {fileID: 0}
    - target: {fileID: 2332911264116937167, guid: d01493bb60fb1424089073aa4848bcca,
        type: 3}
      propertyPath: m_LocalEulerAnglesHint.x
      value: 0
      objectReference: {fileID: 0}
    - target: {fileID: 2332911264116937167, guid: d01493bb60fb1424089073aa4848bcca,
        type: 3}
      propertyPath: m_LocalEulerAnglesHint.y
      value: 0
      objectReference: {fileID: 0}
    - target: {fileID: 2332911264116937167, guid: d01493bb60fb1424089073aa4848bcca,
        type: 3}
      propertyPath: m_LocalEulerAnglesHint.z
      value: 0
      objectReference: {fileID: 0}
    m_RemovedComponents: []
  m_SourcePrefab: {fileID: 100100000, guid: d01493bb60fb1424089073aa4848bcca, type: 3}
--- !u!4 &8529573902284747583 stripped
Transform:
  m_CorrespondingSourceObject: {fileID: 2332911264116937167, guid: d01493bb60fb1424089073aa4848bcca,
    type: 3}
  m_PrefabInstance: {fileID: 6214694991389614832}
  m_PrefabAsset: {fileID: 0}
